 Dungeon Crawl Stone Soup version 0.31.0 (webtiles) character file.

Game seed: 17487904788008927325

32 qw the Shooter (level 3, -3/22 HPs)
             Began as a Gargoyle Hunter on Jan 19, 2024.
             Slain by Natasha (7 damage)
             ... on level 2 of the Dungeon.
             The game lasted 00:00:03 (877 turns).

qw the Shooter (Gargoyle Hunter)                     Turns: 877, Time: 00:00:03

Health: -3/22      AC:  6    Str: 14    XL:     3   Next: 27%
Magic:  3/3        EV: 11    Int:  9    God:
Gold:   75         SH:  0    Dex: 15    Spells: 2/2 levels left

rFire   . . .        a - +0 shortbow
rCold   . . .        (shield currently unavailable)
rNeg    + + .        c - +0 leather armour
rPois   inf          (no helmet)
rElec   +            (no cloak)
rCorr   .            (no gloves)
SInv    .            (no boots)
Will    .....        (no amulet)
Stlth   ++           f - ring of positive energy
HPRegen 0.23/turn    (no ring)
MPRegen 0.08/turn

%: no passive effects
@: no status effects
A: sickness immunity, AC +3, negative energy resistance 1, electricity
resistance, torment resistance 1, petrification resistance
a: no special abilities


You were on level 2 of the Dungeon.
You visited 1 branch of the dungeon, and saw 2 of its levels.

You collected 75 gold pieces.


Innate Abilities, Weirdness & Mutations

You are immune to sickness and miasma.
Your stone body is resilient. (AC +3)
You are immune to poison.
You resist negative energy. (rN+)
You are resistant to electric shocks. (rElec)
You are resistant to unholy torment.
You are immune to petrification.


   Skills:
 + Level 2.4 Fighting
 - Level 5.0 Ranged Weapons
 - Level 1.5 Dodging
 - Level 1.1 Stealth


You had 2 spell levels left.
You didn't know any spells.
Your spell library was empty.

Inventory:

Hand Weapons
 a - a +0 shortbow (weapon)
Armour
 c - a +0 leather armour (worn)
Jewellery
 f - a ring of positive energy (left hand)
Scrolls
 b - 2 scrolls of immolation {unknown}
Potions
 d - 3 potions of haste {unknown}
 g - a potion of enlightenment {unknown}
 h - 2 potions of curing {unknown}

Dungeon Overview and Level Annotations

Branches:
Dungeon (2/15)

Altars:

Annotations:
D:2 Natasha


Message History

You kill the ball python!
Natasha, Servant of Life and Death comes into view.
You shoot an arrow. The arrow hits Natasha.
Natasha hisses angrily.
Natasha is heavily wounded.
You shoot an arrow.
The arrow hits Natasha but does no damage.
Natasha is heavily wounded.
A ball python comes into view.
You shoot an arrow. The ball python hisses angrily.
The arrow hits Natasha but does no damage.
Natasha is heavily wounded.
Natasha hisses.
You shoot an arrow. The arrow closely misses Natasha.
Natasha howls an incantation.
Natasha's front paws start to glow.
You shoot an arrow.
The arrow hits Natasha but does no damage.
Natasha is heavily wounded.
Natasha claws you. x2
You shoot an arrow. The arrow closely misses Natasha.
The arrow barely misses the ball python.
Natasha claws you. The ball python misses you. x2
You shoot an arrow. The arrow closely misses Natasha.
The ball python closely misses you. The ball python grabs you.
The ball python constricts you. Natasha closely misses you.
You shoot an arrow.
The arrow hits the ball python but does no damage.
The ball python barely misses you. The ball python constricts you.
Natasha stares at you and mumbles some strange words.
The magic dart hits you.
You shoot an arrow. The arrow hits the ball python.
You kill the ball python!
Natasha claws you but does no damage.
You shoot an arrow. The arrow hits Natasha.
Natasha is heavily wounded.
Natasha claws you!
You die...
Natasha curls up and begins to purr.

#.# #.# ##
#.######...
#........#
###.....##
########.###.#
...%.....# #
########.###.#
#..@h.#
###........
#########


You could see Natasha.

Vanquished Creatures
  A dart slug (D:2)
  6 ball pythons
  4 endoplasms
  2 goblins
  2 hobgoblins
  2 kobolds (D:1)
  A quokka (D:1)
  A bat (D:1)
  10 frilled lizards (D:1)
  2 rats (D:1)
31 creatures vanquished.

Notes
Turn   | Place    | Note
-------+----------+-------------------------------------------
     0 | D:1      | qw the Gargoyle Hunter began the quest for the Orb.
     0 | D:1      | Reached XP level 1. HP: 12/12 MP: 1/1
     0 | D:1      | 0 ||| qw: Version: 0.3-a-132-g3d54051
     0 | D:1      | 0 ||| qw: Game counter: 367
     0 | D:1      | 0 ||| qw: Melee chars always use a shield: true
     0 | D:1      | 0 ||| qw: God list: Okawaru
     0 | D:1      | 0 ||| qw: Allow faded altars: false
     0 | D:1      | 0 ||| qw: Do Orc after clearing Dungeon:15 true
     0 | D:1      | 0 ||| qw: Do second Lair branch before Depths: true
     0 | D:1      | 0 ||| qw: Lair rune preference: random
     0 | D:1      | 0 ||| qw: Goals: Normal
     0 | D:1      | 0 ||| PLANNING D:1-11
   108 | D:1      | Reached XP level 2. HP: 17/17 MP: 2/2
   559 | D:1      | 559 ||| UPGRADING to ring of positive energy.
   560 | D:1      | 560 ||| READING scroll labelled DULEXZY HELO.
   561 | D:1      | 561 ||| DROPPING scroll of butterflies.
   581 | D:2      | Reached XP level 3. HP: 19/21 MP: 3/3
   603 | D:2      | Reached skill level 5 in Ranged Weapons
   867 | D:2      | Noticed Natasha
   875 | D:2      | HP: 4/22 [Natasha/magic dart (6)]
   877 | D:2      | Slain by Natasha

Levels and vault maps discovered:
D:1:      ebering_trefoil_twist, layout_loops_ring, serial_bayou_pond_e,
          minmay_lizard_king
D:2:      layout_loops_ring, chequers_serial_rivers_small_b, uniq_natasha

Skill      XL: |  1  2  3 |
---------------+----------+-----
Ranged Weapons | 5 |  5.0
Fighting       | |  2.4
Dodging        | |  1.5
Stealth        | |  1.1

Action                     || total
---------------------------++-------
   Fire: Shortbow          ||   100
    Use: Scroll            ||     1
 Armour: Leather armour    ||    33
  Dodge: Dodged            ||    39

Table legend:
 A = Non-vault XP
 B = Vault XP
 C = Vault XP percentage of total XP
 D = Non-vault monster count
 E = Vault monster count
 F = Vault count percentage of total count
                 A         B        C        D         E       F
            +---------+---------+-------+---------+---------+-------
      Total |      38 |       9 |  19.1 |      22 |       9 |  29.0
            +---------+---------+-------+---------+---------+-------
        D:1 |      24 |       9 |  27.3 |      15 |       9 |  37.5
        D:2 |      14 |       0 |   0.0 |       7 |       0 |   0.0
            +---------+---------+-------+---------+---------+-------
